Map: Lerilak Crest

Players

LilDicky

  • Race: Terran Terran
  • League: Diamond

TotalNinja - Winner!

  • Race: Zerg Zerg
  • League: Diamond

VOD

http://www.twitch.tv/tumescentpie

Description

Time

  • Played on: Dec. 31, 2015, 3:04 p.m.
  • Length: 5:59
Show
View Real Time Build Order
Export as new Build Order

LilDicky Terran 

Build Orders: Command Center First (CC), MMM Bio 

Get SALT Encoding   

  12  0:01  SCV  
  13  0:13  SCV  
  14  0:17  Supply Depot  
  14  0:25  SCV  
  15  0:39  SCV  
  16  0:51  SCV  
  17  1:03  Command Center  
  17  1:04  SCV  
  18  1:16  SCV  
  19  1:23  Barracks  
  19  1:30  SCV  
  20  1:45  SCV  
  21  1:48  Supply Depot, Refinery x2  
  21  1:58  SCV  
  22  2:11  Marine  
  24  2:16  Orbital Command  
  24  2:17  Orbital Command  
  24  2:21  Barracks  
  23  2:31  Barracks  
  23  2:35  Barracks Reactor  
  23  2:42  SCV  
  24  2:46  SCV  
  25  2:54  SCV  
  26  2:58  SCV  
  27  3:06  SCV  
  28  3:14  Barracks Tech Lab  
  28  3:15  Marine x2  
  30  3:22  Barracks Tech Lab  
  30  3:24  SCV x2  
  32  3:33  Marine x2  
  34  3:36  SCV  
  34  3:37  Orbital Command  
  34  3:38  Stimpack  
  34  3:39  Combat Shields  
  34  3:41  Marine x2  
  37  3:50  Marine  
  38  3:56  Supply Depot  
  38  4:02  SCV  
  38  4:03  SCV  
  38  4:04  Barracks  
  38  4:05  Barracks  
  39  4:10  Marine x2  
  39  4:11  Marine x2  
  39  4:14  SCV  
  44  4:19  Factory  
  44  4:22  SCV  
  45  4:28  Marine x2  
  45  4:29  Marine x2  
  49  4:32  SCV  
  49  4:34  Supply Depot  
  49  4:46  Marine x3  
  49  4:47  Marine  
  45  4:54  Marine x2  
  33  5:14  Marine x2  
  33  5:24  Orbital Command  
  33  5:26  Marine x2  
  33  5:27  Marine  
  36  5:29  Marine  
  36  5:31  Factory Reactor  
  36  5:32  Marine x2  
  36  5:33  SCV  
  36  5:34  Starport  
  40  5:45  SCV  
  40  5:46  Barracks Reactor  
  40  5:47  Barracks Reactor  
Show
View Real Time Build Order
Export as new Build Order

TotalNinja Zerg - Winner!

Build Orders: Hatch First, Ravager All-In 

Get SALT Encoding   

  12  0:01  Drone  
  13  0:12  Overlord  
  13  0:17  Drone  
  14  0:30  Drone x2  
  14  0:34  Drone  
  17  0:54  Hatchery  
  16  0:57  Drone  
  16  1:02  Drone  
  16  1:04  Extractor  
  17  1:08  Drone  
  18  1:22  Spawning Pool  
  17  1:26  Drone  
  17  1:30  Drone  
  19  1:41  Overlord  
  19  1:52  Drone  
  20  2:06  Drone x2  
  21  2:11  Queen x2  
  25  2:18  Metabolic Boost  
  25  2:31  Zergling x4  
  25  2:34  Drone x3  
  30  2:40  Extractor  
  30  2:43  Drone  
  30  2:44  Drone  
  31  2:52  Drone  
  31  2:55  Drone  
  33  2:58  Roach Warren  
  32  3:05  Overlord  
  32  3:10  Overlord  
  32  3:15  Overlord  
  32  3:38  Roach x5  
  42  3:43  Roach  
  42  3:47  Overlord  
  44  4:07  Zergling x8  
  44  4:08  Zergling x8  
  52  4:16  Ravager  
  53  4:19  Ravager x2  
  53  4:20  Ravager x2  
  57  4:25  Zergling x8  
  61  4:36  Roach x2  
  65  4:41  Zergling x6  
  46  5:17  Zergling x12  
  46  5:18  Zergling x8  
  53  5:31  Zergling x2  
  53  5:32  Zergling x2  
  55  5:38  Roach  
  55  5:40  Ravager x2  
Tags
 
Add a new tag
Caveats
  • Supply blocks, unpowered buildings, or Contaminate may cause inaccurate times.
  • Supply counts are checked every 10 seconds.